[Event "8th Brazilian Open SESC Caioba 2024"]
[Site "Caioba"]
[Date "2024.06.29"]
[Round "8.3"]
[White "Do Valle Cardoso, Lucas"]
[Black "Barbosa, Evandro Amorim"]
[Result "1/2-1/2"]
[ECO "B54"]
[WhiteElo "2356"]
[BlackElo "2491"]
[Annotator "TA"]
[PlyCount "93"]
[EventDate "2024.06.15"]
[EventCountry "BRA"]
[SourceTitle "playchess.com"]
[Source "ChessBase"]
[SourceQuality "1"]
[TimeControl "5400+30"]

1. e4 c5 2. Nf3 e6 3. d4 cxd4 4. Nxd4 Nc6 5. Nc3 d6 6. g4 a6 7. Be3 Nge7 8. f4 b5 9. Qf3 Nxd4 10. Bxd4 {[%emt 0:00:12] White is slightly better.} Nc6 11. Be3 Bb7 12. O-O-O Rc8 13. Kb1 Be7 14. g5 Nb4 ({Black should try} 14... O-O $14) 15. a3 $16 Nc6 16. Rg1 b4 17. axb4 {[%emt 0:00:03] White has more active pieces.} Nxb4 18. f5 (18. Qf2 $16) 18... Qa5 $14 {[%emt 0:05:48][%cal Oc8c3] White must now prevent ...Rxc3!} 19. Bd3 (19. f6 $2 Rxc3 20. Bd3 Qa2+ 21. Kc1 Qa1+ 22. Kd2 Qxb2 $19) 19... Rxc3 $1 20. bxc3 Na2 (20... d5 $11 21. g6 (21. cxb4 Qxb4+ 22. Kc1 dxe4 $11) 21... hxg6 (21... Qa2+ 22. Kc1 $16) 22. fxe6 (22. cxb4 $2 Qxb4+ 23. Kc1 Qa3+ 24. Kd2 dxe4 $17) 22... O-O (22... Qa2+ 23. Kc1 $17)) 21. Bd2 (21. Bd4 $1 $16 {Hoping for f6.} e5 22. Bc4 exd4 23. Bxa2) 21... d5 $40 {[%emt 0:25:06][%mdl 128] ...0-0 is the strong threat. White needs to defend precisely.} 22. c4 $2 (22. g6 $11 Qb6+ 23. Ka1) 22... Nb4 $19 23. Bc3 Qa2+ 24. Kc1 {[%emt 0:00:05] Threatens to win with Qg3.} dxc4 25. Qf4 {[%emt 0:07:21] Qb8+ would now be deadly.} Nxd3+ 26. Rxd3 cxd3 27. Qb8+ Bd8 28. cxd3 Bc6 29. Bxg7 Rg8 30. Bf6 Qa3+ 31. Kd2 Qa5+ 32. Ke2 Qc7 (32... exf5 33. Rc1 Kd7 34. Rc4 Bxf6 (34... fxe4 35. Rd4+ Bd5 36. dxe4 $11) 35. Qxg8 $17) 33. Qxc7 Bxc7 34. fxe6 fxe6 ({Stronger than} 34... Bxh2 35. Rc1 fxe6 (35... Bb7 $2 36. Rh1 $18) 36. Rxc6 $14) 35. h4 Kd7 36. h5 Bd8 37. e5 Bb6 38. Rg4 (38. Rb1 Bb5 39. Rf1) 38... a5 39. g6 {[%emt 0:00:08] [#]} h6 40. Bg5 $2 (40. Bh4) 40... hxg5 41. Rxg5 {[%emt 0:00:09] [#]} Bd4 $2 ({Weaker is} 41... Bd8 42. Rg4 Bc7 43. d4 $11) (41... a4 $1 $19 {[%cal Ra4a3] ( -> ...a3)} 42. d4 a3 (42... Bxd4 $2 43. Kd3 $19)) 42. h6 $1 $11 {[%emt 0:02:07][%cal Bh5h6,Bh6h7][%mdl 32] The position is equal.} Bxe5 43. h7 $1 Rxg6 44. Rxg6 a4 45. Rg5 Bf6 46. Rg6 Be5 47. Rg5 {[%emt 0:00:09] White happily takes the draw.   Weighted Error Value: White=0.57/Black=0.33.  Loses game:     	White=1     	---        Mistake:       	White=4     	Black=2      Inaccurate:     	White=2     	Black=1      OK:         	White=13    	Black=16     Best:        	White=3     	Black=5      Strong:       	White=1     	Black=1} 1/2-1/2

[Event "8th Brazilian Open SESC Caioba 2024"]
[Site "Caioba"]
[Date "2024.06.29"]
[Round "8.4"]
[White "Di Berardino, Diego Rafael"]
[Black "Hoffman, Alejandro"]
[Result "1/2-1/2"]
[ECO "E91"]
[WhiteElo "2473"]
[BlackElo "2355"]
[Annotator "TA"]
[PlyCount "43"]
[EventDate "2024.06.15"]
[EventCountry "BRA"]
[SourceTitle "playchess.com"]
[Source "ChessBase"]
[SourceQuality "1"]
[TimeControl "5400+30"]

1. d4 Nf6 2. c4 g6 3. Nc3 Bg7 4. e4 d6 5. Be2 O-O 6. Nf3 c5 7. d5 e6 8. Be3 exd5 9. cxd5 Re8 10. Nd2 {[%emt 0:00:17] White is slightly better.} Na6 11. O-O Nc7 12. a4 b6 13. Qc2 Ba6 14. Bxa6 Nxa6 15. f3 Nb4 16. Qb3 Nd7 17. Nc4 Ne5 18. Nxe5 Bxe5 19. Rad1 Qe7 20. Nb1 a6 (20... Qh4 $5 21. f4 $8 Bg7 $17) 21. Nd2 b5 22. Nb1 {[%emt 0:01:00] Weighted Error Value: White=0.07 (flawless) /Black=0.01 (flawless) .  Inaccurate:     	White=3     	---        OK:         	White=5     	Black=8      Best:        	---       	Black=1} 1/2-1/2

[Event "8th Brazilian Open SESC Caioba 2024"]
[Site "Caioba"]
[Date "2024.06.29"]
[Round "8.5"]
[White "Santiago, Yago De Moura"]
[Black "Umetsubo, Cesar Hidemitsu"]
[Result "1-0"]
[ECO "E05"]
[WhiteElo "2462"]
[BlackElo "2362"]
[Annotator "TA"]
[PlyCount "82"]
[EventDate "2024.06.15"]
[EventCountry "BRA"]
[SourceTitle "playchess.com"]
[Source "ChessBase"]
[SourceQuality "1"]
[TimeControl "5400+30"]

1. d4 d5 2. c4 e6 3. Nf3 Nf6 4. Nc3 Be7 5. g3 O-O 6. Bg2 dxc4 7. O-O c5 8. Bf4 Nc6 9. dxc5 Qa5 {[%emt 0:14:44] The position is equal.} 10. Bd6 Bxd6 11. cxd6 Rd8 12. Qd2 e5 13. Rad1 h6 {[%emt 0:04:34] Inhibits Ng5.} 14. h3 Be6 15. g4 Rd7 16. g5 hxg5 17. Nxg5 Re8 (17... Rad8 $11) 18. Nce4 $14 Qxd2 19. Rxd2 Nxe4 20. Nxe4 Nd4 (20... Na5 $142) 21. f4 $16 f6 (21... Bf5 $16) 22. fxe5 $18 fxe5 23. e3 Nf5 24. Nc5 $1 {[%emt 0:01:32][%csl LRb7,LRd7] Nxe6 would now be deadly.} Nxe3 (24... Rxd6 $2 25. Rxd6 Nxd6 26. Nxe6 $18) 25. Re1 (25. Rc1 $18 Nxg2 26. Kxg2 (26. Nxd7 Bxd7 27. Rxg2 Re6 $18)) 25... Nxg2 $16 26. Kxg2 Rdd8 (26... c3 $2 27. bxc3 Bf5 28. Nxd7 Bxd7 29. h4 $18) 27. Nxb7 (27. Rxe5 $2 Bxh3+ 28. Kxh3 Rxe5 $19) (27. d7 Re7 28. Nxe6 Rxe6 $11) 27... Rd7 28. Nc5 Rdd8 29. d7 (29. Rxe5 $2 Bxh3+ 30. Kxh3 Rxe5 $19) 29... Re7 {[%emt 0:00:05] [#]} 30. Kg3 $1 (30. Rxe5 Bxd7 (30... Bxh3+ 31. Kxh3 Rxe5 32. Nb7 $14) 31. Re4 Rxe4 32. Nxe4 c3 33. bxc3 Kf7 $17) 30... Bf5 (30... Bxd7 31. Red1 c3 32. bxc3 $18 (32. Rxd7 Rexd7 33. Nxd7 cxb2 $17)) 31. Rd5 Kf7 (31... Bxd7 $2 {is the wrong capture.} 32. Red1 $18 (32. Rdxe5 Rxe5 33. Rxe5 Bc6 $11)) 32. Rdxe5 $2 ({Don't play} 32. Rexe5 $6 Rxe5 33. Rxe5 Bxd7 $11) ({White should play} 32. h4 $18) 32... Rxe5 $11 33. Rxe5 Bxd7 $18 {[%emt 0:00:16][%mdl 4096] Endgame. KRB-KRN} 34. Rd5 Ke7 35. h4 Bc8 36. Rxd8 Kxd8 $11 {[%emt 0:00:01] KB-KN} 37. Kf4 Ke7 38. Ke5 Kf7 39. Ne4 {[%emt 0:00:31] Hoping for Nd6+.} Kg6 40. Ng3 Ba6 {[%emt 0:00:45] [#]} (40... Bg4 $11) 41. a4 $1 $16 Bc8 {[%emt 0:01:03] Blacks defense is rewarded with a draw.   Weighted Error Value: White=0.12 (very precise) /Black=0.12 (very precise) .  Missed win:     	White=1     	---        Mistake:       	White=1     	Black=4      OK:         	White=17    	Black=19     Best:        	White=3     	Black=4      Strong:       	White=2     	---} 1-0

[Event "8th Brazilian Open SESC Caioba 2024"]
[Site "Caioba"]
[Date "2024.06.29"]
[Round "8.7"]
[White "Perdomo, Leandro"]
[Black "Rodrigues, Edgar"]
[Result "0-1"]
[ECO "A40"]
[WhiteElo "2391"]
[BlackElo "2229"]
[Annotator "RC"]
[PlyCount "62"]
[EventDate "2024.06.15"]
[EventCountry "BRA"]
[SourceTitle "playchess.com"]
[Source "ChessBase"]
[SourceQuality "1"]
[TimeControl "5400+30"]

1. d4 g6 2. c4 Bg7 3. Nc3 c5 4. d5 Bxc3+ 5. bxc3 f5 6. e4 fxe4 7. f3 e5 8. Nh3 d6 9. Nf2 Nd7 10. Nxe4 Ndf6 11. Ng3 Qa5 12. Qd3 Bd7 13. Bg5 O-O-O 14. Ne4 Bf5 15. Be2 h6 16. Bd2 Ne7 17. g4 Bxe4 18. fxe4 g5 19. O-O Nd7 20. h4 Ng6 21. hxg5 Nf4 22. Bxf4 exf4 23. Rxf4 hxg5 24. Rf5 Rh4 25. Rxg5 Rdh8 26. Rh5 Qd8 27. Rxh8 Qxh8 28. Rf1 Rh1+ 29. Kf2 Qh4+ 30. Ke3 Rh3+ 31. Bf3 Ne5 0-1

[Event "8th Brazilian Open SESC Caioba 2024"]
[Site "Caioba"]
[Date "2024.06.29"]
[Round "8.8"]
[White "Cubas, Jose Fernando"]
[Black "Terao, Juliana Sayumi"]
[Result "1-0"]
[ECO "B43"]
[WhiteElo "2417"]
[BlackElo "2198"]
[Annotator "RC"]
[PlyCount "41"]
[EventDate "2024.06.15"]
[EventCountry "BRA"]
[SourceTitle "playchess.com"]
[Source "ChessBase"]
[SourceQuality "1"]
[TimeControl "5400+30"]

1. e4 c5 2. Nf3 e6 3. d4 cxd4 4. Nxd4 a6 5. a3 Nf6 6. Nc3 Qc7 7. f4 Nc6 8. e5 Nxd4 9. Qxd4 Ng4 10. Ne4 Be7 11. Nd6+ Kf8 12. Bd2 f5 13. O-O-O b6 14. h3 Nh6 15. Bc3 b5 16. Be2 Nf7 17. g4 g6 18. gxf5 gxf5 19. Rhg1 Rg8 20. Rxg8+ Kxg8 21. Qg1+ 1-0

[Event "8th Brazilian Open SESC Caioba 2024"]
[Site "Caioba"]
[Date "2024.06.30"]
[Round "8.9"]
[White "Ribeiro, Matheus Mendes Domin"]
[Black "Sunye Neto, Jaime"]
[Result "1/2-1/2"]
[ECO "A34"]
[WhiteElo "2241"]
[BlackElo "2398"]
[Annotator "RC"]
[PlyCount "250"]
[EventDate "2024.06.15"]
[EventCountry "BRA"]
[SourceTitle "playchess.com"]
[Source "ChessBase"]
[SourceQuality "1"]
[TimeControl "5400+30"]

1. c4 Nf6 2. Nc3 c5 3. Nf3 d5 4. cxd5 Nxd5 5. g3 Nc6 6. Bg2 Nc7 7. a3 f6 8. b4 e5 9. b5 Nd4 10. Rb1 Be7 11. e3 Nde6 12. O-O O-O 13. d4 cxd4 14. exd4 exd4 15. Ne2 d3 16. Nf4 Nxf4 17. Bxf4 Ne6 18. Be3 Bc5 19. Re1 Qd6 20. Nd2 Bxe3 21. Rxe3 Rd8 22. Qb3 Kf8 23. Ne4 Qe7 24. Rxd3 Bd7 25. Re3 Nd4 26. Qb2 Bf5 27. Rd1 Ne6 28. Rde1 Rac8 29. g4 Bxg4 30. h3 Bh5 31. Nxf6 Qxf6 32. Qxf6+ gxf6 33. Rxe6 Bf7 34. Rxf6 Rc3 35. Re5 Kg7 36. Rf4 Rd7 37. a4 Rcd3 38. Rg5+ Bg6 39. h4 Kh6 40. Re5 R3d4 41. Rxd4 Rxd4 42. a5 Ra4 43. b6 axb6 44. axb6 Rxh4 45. Bxb7 Rb4 46. Re6 Kg5 47. Bg2 Bf5 48. Rd6 Bc8 49. Rd8 Ba6 50. Rb8 h5 51. b7 Kh4 52. Bf3 Rb5 53. Kg2 Rg5+ 54. Kh2 Rf5 55. Kg2 Rg5+ 56. Kh1 Rf5 57. Bg2 Rxf2 58. Rd8 Bxb7 59. Bxb7 Rb2 60. Bg2 Rb3 61. Kh2 Ra3 62. Rd4+ Kg5 63. Bf1 Ra5 64. Kg3 Re5 65. Bg2 Ra5 66. Bf3 Rc5 67. Rh4 Kg6 68. Kf4 Rf5+ 69. Ke4 Ra5 70. Rh1 Kf6 71. Bxh5 Ra4+ 72. Kf3 Ra3+ 73. Kf4 Ra4+ 74. Kg3 Rb4 75. Bf3 Ra4 76. Kf2 Ra3 77. Rh4 Kg5 78. Rb4 Kf5 79. Kg3 Re3 80. Rh4 Re5 81. Rh8 Kf6 82. Kf4 Rf5+ 83. Ke4 Re5+ 84. Kd4 Re7 85. Bd5 Re1 86. Rf8+ Kg7 87. Rf4 Re8 88. Kc5 Kg6 89. Kd6 Kg5 90. Rf2 Re1 91. Be6 Rd1+ 92. Ke7 Re1 93. Rf5+ Kg6 94. Rf4 Re5 95. Rh4 Ra5 96. Bf7+ Kg7 97. Rg4+ Kh6 98. Kf6 Ra6+ 99. Be6 Kh5 100. Rg3 Ra4 101. Bf5 Rb4 102. Rg7 Kh4 103. Rh7+ Kg3 104. Rh3+ Kg2 105. Kg5 Kf2 106. Rc3 Ke2 107. Kf6 Kd2 108. Rd3+ Ke2 109. Rh3 Kd2 110. Ke5 Rb5+ 111. Kf4 Rb8 112. Rd3+ Ke2 113. Rc3 Rf8 114. Rc2+ Kd1 115. Rg2 Rf7 116. Ke5 Kc1 117. Be4 Rd7 118. Rc2+ Kd1 119. Kf4 Rd2 120. Rc3 Re2 121. Kf3 Rh2 122. Ke3 Re2+ 123. Kd4 Kd2 124. Ra3 Ke1 125. Bf3 Re8 1/2-1/2

[Event "8th Brazilian Open SESC Caioba 2024"]
[Site "Caioba"]
[Date "2024.06.29"]
[Round "8.10"]
[White "Rodriguez Vila, Andres"]
[Black "Nemeth Junior, Henrique"]
[Result "1-0"]
[ECO "B12"]
[WhiteElo "2396"]
[BlackElo "2191"]
[Annotator "RC"]
[PlyCount "45"]
[EventDate "2024.06.15"]
[EventCountry "BRA"]
[SourceTitle "playchess.com"]
[Source "ChessBase"]
[SourceQuality "1"]
[TimeControl "5400+30"]

1. e4 c6 2. d4 d5 3. f3 Qb6 4. Nc3 dxe4 5. fxe4 e5 6. dxe5 Be6 7. Nf3 Bc5 8. Bd3 Nd7 9. Qd2 Be7 10. b3 Nc5 11. Bb2 O-O-O 12. O-O-O Nh6 13. Kb1 a5 14. Ng5 a4 15. Nxe6 fxe6 16. Qe3 axb3 17. axb3 Kc7 18. Bc4 Ra8 19. Bxe6 Qa5 20. Bh3 b5 21. Rd6 Bxd6 22. exd6+ Kb6 23. Qd4 1-0

[Event "8th Brazilian Open SESC Caioba 2024"]
[Site "Caioba"]
[Date "2024.06.29"]
[Round "8.11"]
[White "Matsuura, Everaldo"]
[Black "Casalaspro, Mathias Andre"]
[Result "1-0"]
[ECO "A36"]
[WhiteElo "2380"]
[BlackElo "2172"]
[Annotator "RC"]
[PlyCount "111"]
[EventDate "2024.06.15"]
[EventCountry "BRA"]
[SourceTitle "playchess.com"]
[Source "ChessBase"]
[SourceQuality "1"]
[TimeControl "5400+30"]

1. c4 Nf6 2. g3 g6 3. Bg2 Bg7 4. Nc3 O-O 5. e4 d6 6. Nge2 c5 7. O-O Nc6 8. d3 Ne8 9. Be3 Nd4 10. Rb1 Rb8 11. a3 a6 12. b4 Nc7 13. bxc5 dxc5 14. Na4 Nce6 15. Nb6 Nxe2+ 16. Qxe2 Nd4 17. Qd1 Bd7 18. f4 Bb5 19. Nd5 Bd7 20. f5 gxf5 21. Qh5 e6 22. exf5 Nxf5 23. Rxf5 exf5 24. Bxc5 Re8 25. Bb6 Qc8 26. Qh4 Bc6 27. Ne7+ Rxe7 28. Qxe7 Bxg2 29. Kxg2 Qc6+ 30. Kg1 Re8 31. Qc5 Qf3 32. Qd5 Qe2 33. Qxf5 Re6 34. Bc5 Re5 35. Qc8+ Re8 36. Qd7 Bh6 37. Rf1 Be3+ 38. Bxe3 Qxe3+ 39. Kg2 Re7 40. Qd5 Qd2+ 41. Rf2 Qh6 42. Qd8+ Qf8 43. Qxf8+ Kxf8 44. Kf3 Re5 45. Rb2 b5 46. d4 Rh5 47. c5 Ke7 48. Ke4 Kd7 49. d5 f6 50. Rc2 Re5+ 51. Kd4 Re8 52. c6+ Kd6 53. Rf2 Rf8 54. Re2 f5 55. Re6+ Kc7 56. Re7+ 1-0

[Event "8th Brazilian Open SESC Caioba 2024"]
[Site "Caioba"]
[Date "2024.06.29"]
[Round "8.12"]
[White "Pinero Rodriguez, Carlos Jose"]
[Black "Rodi, Luis Ernesto"]
[Result "0-1"]
[ECO "A12"]
[WhiteElo "2284"]
[BlackElo "2208"]
[Annotator "RC"]
[PlyCount "100"]
[EventDate "2024.06.15"]
[EventCountry "BRA"]
[SourceTitle "playchess.com"]
[Source "ChessBase"]
[SourceQuality "1"]
[TimeControl "5400+30"]

1. Nf3 d5 2. c4 c6 3. e3 Nf6 4. b3 Bg4 5. Bb2 Nbd7 6. Be2 e6 7. h3 Bh5 8. d3 h6 9. Nbd2 Bd6 10. O-O O-O 11. Nh4 Bxe2 12. Qxe2 Re8 13. Nhf3 e5 14. cxd5 cxd5 15. d4 e4 16. Nh4 a6 17. Nf5 Bf8 18. Rac1 Qb6 19. Nb1 Qe6 20. Ng3 Rac8 21. Ba3 Bxa3 22. Nxa3 Nb8 23. Qd2 Rc6 24. Rxc6 Nxc6 25. Rc1 Rc8 26. Nb1 Ne7 27. Nc3 Rc6 28. Na4 Nd7 29. Nc5 Nxc5 30. dxc5 Qc8 31. b4 Rg6 32. Ne2 Rg5 33. Nf4 Qf5 34. Rd1 Qd7 35. Kh1 Rf5 36. a3 Qa4 37. Ra1 Qc6 38. Qd4 Qa4 39. g4 Rg5 40. Rg1 Qd7 41. Rd1 Qa4 42. Rg1 Qxa3 43. h4 Nc6 44. Qd2 Re5 45. Nxd5 Qd3 46. Qxd3 exd3 47. Nf4 Nxb4 48. Rb1 Rxc5 49. Rxb4 d2 50. Rd4 Rc1+ 0-1

[Event "8th Brazilian Open SESC Caioba 2024"]
[Site "Caioba"]
[Date "2024.06.29"]
[Round "8.13"]
[White "Cunha, Lucas Aguiar"]
[Black "Martins, Vinicius Tine"]
[Result "1/2-1/2"]
[ECO "A48"]
[WhiteElo "2239"]
[BlackElo "2268"]
[Annotator "RC"]
[PlyCount "181"]
[EventDate "2024.06.15"]
[EventCountry "BRA"]
[SourceTitle "playchess.com"]
[Source "ChessBase"]
[SourceQuality "1"]
[TimeControl "5400+30"]

1. d4 Nf6 2. Bf4 g6 3. e3 Bg7 4. Nf3 d6 5. Be2 O-O 6. O-O Nbd7 7. Nbd2 c5 8. c3 b6 9. a4 a6 10. h3 Bb7 11. Bh2 Ne4 12. Nxe4 Bxe4 13. Nd2 Bb7 14. b4 Nf6 15. Qb1 Nd5 16. Qb3 Rb8 17. Rac1 cxb4 18. cxb4 b5 19. axb5 axb5 20. Ra1 Qb6 21. Ra5 Bc6 22. Rfa1 Nc7 23. Qc2 Nd5 24. Qb3 Nc7 25. Rc1 Qb7 26. Qa3 Rfc8 27. Bg3 Bf6 28. Bg4 Ne6 29. Ra7 Ra8 30. Rxb7 Rxa3 31. Rb6 Bd7 32. Rxc8+ Bxc8 33. Rb8 Rc3 34. h4 h5 35. Bh3 d5 36. Rxb5 Rc2 37. Nb3 Kg7 38. Rxd5 Rb2 39. Nc5 Rxb4 40. Nxe6+ Bxe6 41. Bxe6 fxe6 42. Ra5 Rb1+ 43. Kh2 Kf7 44. Ra8 Rd1 45. Rc8 Re1 46. Rd8 Rd1 47. f3 Rd3 48. Bf2 Rd2 49. Kg1 Rd1+ 50. Kh2 Rd2 51. Kg3 Bxh4+ 52. Kxh4 Rxf2 53. Kg3 Re2 54. e4 Rd2 55. Kh3 Rf2 56. Kh2 Rd2 57. Kg3 Kf6 58. Kh3 Kf7 59. g4 hxg4+ 60. Kxg4 e5 61. d5 Rg2+ 62. Kh3 Rg1 63. Kh2 Re1 64. Rc8 g5 65. Kg3 Rg1+ 66. Kf2 Ra1 67. Rc6 g4 68. Re6 gxf3 69. Kxf3 Rd1 70. Rxe5 Ke8 71. Re6 Kd7 72. Ra6 Rh1 73. Ke3 Rh3+ 74. Kd4 Rh4 75. Ra8 Rg4 76. Ke5 Rg5+ 77. Kf4 Rg1 78. Ke5 Rg5+ 79. Kf4 Rg1 80. Kf5 Rh1 81. Ra7+ Kd6 82. e5+ Kxd5 83. Rd7+ Kc6 84. Rxe7 Rh5+ 85. Kg6 Rh1 86. Kf6 Rh6+ 87. Kf7 Rh7+ 88. Ke6 Rh6+ 89. Kf5 Rh5+ 90. Kg6 Rh1 91. Kf5 1/2-1/2

[Event "8th Brazilian Open SESC Caioba 2024"]
[Site "Caioba"]
[Date "2024.06.29"]
[Round "8.14"]
[White "Van Riemsdijk, Herman C."]
[Black "Lage, Pedro Ferreira"]
[Result "1-0"]
[ECO "C18"]
[WhiteElo "2248"]
[BlackElo "2077"]
[Annotator "RC"]
[PlyCount "83"]
[EventDate "2024.06.15"]
[EventCountry "BRA"]
[SourceTitle "playchess.com"]
[Source "ChessBase"]
[SourceQuality "1"]
[TimeControl "5400+30"]

1. e4 e6 2. d4 d5 3. Nc3 Bb4 4. e5 c5 5. a3 Bxc3+ 6. bxc3 Ne7 7. h4 Qc7 8. Qg4 cxd4 9. Ne2 Nbc6 10. Qxg7 Rg8 11. Qxh7 dxc3 12. f4 Bd7 13. h5 O-O-O 14. Qd3 d4 15. h6 Kb8 16. h7 Rh8 17. Rb1 Ng6 18. Nxd4 Nxd4 19. Qxd4 Bb5 20. Qf2 Bxf1 21. Qxf1 f6 22. exf6 Rxh7 23. Rxh7 Qxh7 24. Be3 Qh4+ 25. Ke2 Qxf6 26. Qf3 Rd5 27. Qe4 Ne7 28. Rh1 Nf5 29. Rh3 Qg7 30. Kf3 Qf6 31. Bf2 Nd4+ 32. Kg3 a6 33. Kh2 Nf5 34. Be1 Nd6 35. Qe3 Qf5 36. Bxc3 Qxc2 37. Qxe6 Qe4 38. Be5 Ka7 39. Rh6 Rd2 40. Rg6 Qe2 41. Bd4+ Kb8 42. Qxd6+ 1-0

[Event "8th Brazilian Open SESC Caioba 2024"]
[Site "Caioba"]
[Date "2024.06.29"]
[Round "8.15"]
[White "Amura, Claudia"]
[Black "De Siqueira, Luigy Lira"]
[Result "1-0"]
[ECO "D36"]
[WhiteElo "2167"]
[BlackElo "2242"]
[Annotator "RC"]
[PlyCount "105"]
[EventDate "2024.06.15"]
[EventCountry "BRA"]
[SourceTitle "playchess.com"]
[Source "ChessBase"]
[SourceQuality "1"]
[TimeControl "5400+30"]

1. d4 d5 2. c4 e6 3. Nc3 Nf6 4. Bg5 c6 5. cxd5 exd5 6. Qc2 h6 7. Bh4 Be7 8. e3 Nbd7 9. Bd3 O-O 10. Nf3 Re8 11. O-O Ne4 12. Bxe4 Bxh4 13. Bh7+ Kh8 14. Nxh4 Qxh4 15. Bd3 Nf6 16. b4 a6 17. a4 Ng4 18. h3 Nf6 19. Ne2 Bd7 20. Nf4 Ne4 21. Kh2 Nd6 22. Qc5 Qe7 23. b5 Nc4 24. Qxe7 Rxe7 25. Bxc4 dxc4 26. b6 a5 27. Rfc1 g5 28. Ne2 Bf5 29. Rc3 Ra6 30. g4 Be4 31. Nc1 Rxb6 32. Rxc4 Rb2 33. Kg3 Kg7 34. Rc3 Kg6 35. Ra2 Rxa2 36. Nxa2 b5 37. Rc5 b4 38. Nc1 Rb7 39. f3 Bb1 40. Rxc6+ Kg7 41. Nb3 Ba2 42. Nc5 Rb8 43. Nd3 Bb3 44. Nb2 Be6 45. e4 b3 46. d5 Bd7 47. Rc7 Bxa4 48. Nxa4 b2 49. Nxb2 Rxb2 50. Ra7 Ra2 51. e5 Kf8 52. d6 a4 53. Rc7 1-0

[Event "8th Brazilian Open SESC Caioba 2024"]
[Site "Caioba"]
[Date "2024.06.30"]
[Round "9.1"]
[White "Mekhitarian, Krikor Sevag"]
[Black "Santiago, Yago De Moura"]
[Result "1/2-1/2"]
[ECO "D58"]
[WhiteElo "2554"]
[BlackElo "2462"]
[Annotator "TA"]
[PlyCount "27"]
[EventDate "2024.06.15"]
[EventCountry "BRA"]
[SourceTitle "playchess.com"]
[Source "ChessBase"]
[SourceQuality "1"]
[TimeControl "5400+30"]

1. d4 d5 2. c4 e6 3. Nf3 Nf6 4. Nc3 Be7 5. Bg5 O-O 6. e3 h6 7. Bh4 b6 8. Bd3 dxc4 9. Bxc4 Bb7 10. O-O Nbd7 11. Qe2 Ne4 12. Bxe7 {[%emt 0:01:24] The position is equal.} Qxe7 13. Nxe4 Bxe4 14. Bd3 {[%emt 0:00:14] An uneventful encounter.   OK:         	White=1     	---} 1/2-1/2

[Event "8th Brazilian Open SESC Caioba 2024"]
[Site "Caioba"]
[Date "2024.06.30"]
[Round "9.3"]
[White "Rodrigues, Edgar"]
[Black "Delgado Ramirez, Neuris"]
[Result "1/2-1/2"]
[ECO "E04"]
[WhiteElo "2229"]
[BlackElo "2487"]
[Annotator "TA"]
[PlyCount "51"]
[EventDate "2024.06.15"]
[EventCountry "BRA"]
[SourceTitle "playchess.com"]
[Source "ChessBase"]
[SourceQuality "1"]
[TimeControl "5400+30"]

1. d4 Nf6 2. c4 e6 3. g3 Bb4+ 4. Nd2 Nc6 5. Ngf3 d5 6. Bg2 dxc4 7. O-O c3 8. Nc4 O-O 9. Qd3 {[%emt 0:06:15] White is slightly better.} cxb2 10. Bxb2 Nd5 11. e4 {[%emt 0:05:51][%cal Oa2a3][%mdl 1024] [#] aiming for a3! White has compensation.} Nf6 12. Rad1 Be7 13. Rfe1 {[%emt 0:06:37] White is more active.} (13. Qb1 $16) 13... Nb4 $14 14. Qb1 Qe8 {[%emt 0:00:42] [#]} 15. d5 $1 {[%emt 0:04:31] d6 is the strong threat.} Qa4 $1 (15... exd5 $2 16. exd5 Ng4 (16... Nbxd5 $2 17. Ng5 $18) 17. a3 $18 (17. Ng5 g6 $18)) 16. a3 $36 {[%emt 0:13:23][%mdl 2048] White has some pressure.} Nc2 17. Re2 Qxc4 18. Rxc2 Qb3 (18... Qxe4 $14 19. dxe6 (19. Rxc7 $2 {perishes.} Qxb1 20. Rxb1 Nxd5 $19) 19... fxe6) 19. Rxc7 $16 Bxa3 (19... Bd8 $16 {keeps fighting.} 20. Rcc1 exd5) 20. Bxa3 $18 Qxa3 21. d6 Nd7 22. e5 h6 23. Qe4 Qb3 24. Rb1 Qd5 25. Qe2 {[%emt 0:05:21] Threatens to win with Rb5.} Qa5 26. Qb2 {[%emt 0:02:59] Weighted Error Value: White=0.09 (flawless) /Black=0.22 (precise) .  Mistake:       	White=1     	Black=2      Inaccurate:     	---       	Black=3      OK:         	White=10    	Black=7      Best:        	White=1     	---        Strong:       	---       	Black=1} 1/2-1/2

[Event "8th Brazilian Open SESC Caioba 2024"]
[Site "Caioba"]
[Date "2024.06.30"]
[Round "9.4"]
[White "Barbosa, Evandro Amorim"]
[Black "Filgueiras, Nathan Felipe"]
[Result "1/2-1/2"]
[ECO "C55"]
[WhiteElo "2491"]
[BlackElo "2294"]
[Annotator "TA"]
[PlyCount "90"]
[EventDate "2024.06.15"]
[EventCountry "BRA"]
[SourceTitle "playchess.com"]
[Source "ChessBase"]
[SourceQuality "1"]
[TimeControl "5400+30"]

1. e4 e5 2. Nf3 Nc6 3. Bc4 Nf6 4. d3 h6 5. c3 d6 6. a4 g5 7. Qb3 Qd7 8. a5 {[%emt 0:00:04] White is slightly better.} a6 9. Nbd2 Bg7 10. Nf1 O-O 11. Ng3 Qe8 (11... Ne7 $14) 12. O-O $16 Rb8 13. Re1 {[%emt 0:00:39] White is more active.} Bg4 {[%emt 0:03:13] [#]} (13... Be6 $16) 14. Nd2 (14. h4 $1 $18) 14... Qd7 15. Ndf1 Be6 16. Ne3 Ne7 17. Qd1 d5 18. Ba2 Rbd8 19. Qe2 Rfe8 20. h3 Qc6 21. Qf3 Qd7 22. Nh5 Nxh5 23. Qxh5 d4 {[%emt 0:00:58] [#]} (23... f5 $11) 24. Ng4 $1 Bxa2 25. Rxa2 ({White should try} 25. Nxh6+ $16 Bxh6 26. Qxh6) 25... Qe6 $11 26. c4 Qg6 27. Qxg6 fxg6 28. b4 Kf7 29. Bd2 Ke6 30. b5 Nc8 31. Rb1 Nd6 32. Nh2 Bf6 33. Nf3 Kd7 34. Ne1 Ra8 35. Nc2 Rec8 36. Rab2 Bd8 37. Na3 Ke6 38. bxa6 bxa6 39. g3 c5 40. Nc2 Bc7 41. Na1 Kd7 42. Nb3 Kc6 43. Kg2 Rab8 44. Nc1 Rxb2 45. Rxb2 Nb7 {[%emt 0:13:18] Weighted Error Value: White=0.14 (very precise) /Black=0.13 (very precise) .  Mistake:       	White=2     	Black=3      Inaccurate:     	White=3     	Black=1      OK:         	White=12    	Black=17     Best:        	---       	Black=1      Strong:       	White=1     	---} 1/2-1/2